 Dungeon Crawl Stone Soup version 0.23.0 (webtiles) character file.

Game seed: 6271424728592794222

111 Borgoz the Chopper (level 4, 0/26 HPs)
             Began as a Gargoyle Gladiator on Feb 9, 2019.
             Slain by a gnoll
             ... wielding a +0 spear
              (5 damage)
             ... on level 2 of the Dungeon.
             The game lasted 00:02:49 (1466 turns).

Borgoz the Chopper (Gargoyle Gladiator)             Turns: 1466, Time: 00:02:49

Health: 0/26       AC: 14    Str: 17    XL:     4   Next: 92%
Magic:  4/4        EV:  8    Int: 12    God:
Gold:   94         SH:  0    Dex: 12    Spells: 3/3 levels left

rFire    . . .     SeeInvis .   a - +0 war axe
rCold    . . .     Gourm    .   (no shield)
rNeg     + . .     Faith    .   m - +0 chain mail
rPois    ∞         Spirit   .   o - +1 helmet {Int+3}
rElec    +         Reflect  .   (no cloak)
rCorr    .         Harm     .   (no gloves)
MR       .....                  (no boots)
Stlth    ..........             (no amulet)
HPRegen  0.08/turn              (no ring)
MPRegen  0.09/turn              (no ring)

@: no status effects
A: negative energy resistance 1, electricity resistance, unbreathing,
petrification resistance, rot immunity, AC +3
a: no special abilities


You were on level 2 of the Dungeon.
You were not hungry.

You visited 1 branch of the dungeon, and saw 2 of its levels.

You collected 94 gold pieces.

Inventory:

Hand Weapons
 a - a +0 war axe (weapon)
Missiles
 d - 3 throwing nets (quivered)
Armour
 m - a +0 chain mail (worn)
 o - a +1 helmet of intelligence (worn)
Scrolls
 g - 2 scrolls of remove curse {unknown}
 h - 2 scrolls of amnesia {unknown}
 j - a scroll of fog {unknown}
 p - a scroll of teleportation {unknown}
Potions
 i - a potion of agility {unknown}
 l - 2 potions of curing
Comestibles
 f - 7 rations
 n - 2 chunks of flesh


   Skills:
 - Level 2.1 Fighting
 * Level 4.0 Axes
 - Level 1.7 Throwing
 + Level 2.1 Armour
 + Level 3.0 Dodging


You had 3 spell levels left.
You didn't know any spells.
Your spell library was empty.

Dungeon Overview and Level Annotations

Branches:
Dungeon (2/15)

Altars:


Innate Abilities, Weirdness & Mutations

You are resistant to torment.
Your stone body is resilient. (AC +3)
You are immune to poison.
You resist negative energy. (rN+)
You are resistant to electric shocks. (rElec)
You can survive without breathing.
You are immune to petrification.
You are immune to rotting.


Message History

a +0 club; a goblin corpse
Items here: ( )) † a +0 club; a +0 hunting sling; 7 stones; a goblin corpse You see here a +0 dagger.
Found a stone staircase leading down.
A gnoll comes into view. It is wielding a +0 spear.
A gnoll comes into view.
You start resting.
The gnoll completely misses you.
The gnoll hits you from afar with a +0 spear.
The gnoll hits you but does no damage.
You closely miss the gnoll. The gnoll hits you with a +0 spear.
* * * LOW HITPOINT WARNING * * *
You barely miss the gnoll. The gnoll hits you but does no damage.
You hit the gnoll but do no damage. The gnoll hits you with a +0 spear.
* * * LOW HITPOINT WARNING * * *
You slash the gnoll!
The gnoll is heavily wounded.
The gnoll hits you with a +0 spear.
You die...

########## #####
#........## #....
#.........# #....
#.......†.######....
#######..)).....#!...#....
#........÷).....'[...'....
.#.....g@)))...#....#....
#.....##.....###......).
##+#.....##.....#
#......##
#........######## #......#
#........# #......#
#........# #......##
#........# ##.#.....
#......#### #.#.....
#......# #.#.....


You could see a gnoll.

Vanquished Creatures
  Natasha (D:2)
  Robin (D:2)
  2 adders (D:2)
  A worm (D:2)
  3 dart slugs (D:1)
  2 ball pythons (D:2)
  4 bats
  2 giant cockroaches
  8 goblins
  8 hobgoblins
  3 jackals (D:1)
  5 kobolds
  A quokka (D:2)
  2 frilled lizards
  5 rats
  2 plants (D:1)
50 creatures vanquished.

Notes
Turn   | Place    | Note
-------+----------+-------------------------------------------
     0 | D:1      | Borgoz the Gargoyle Gladiator began the quest for the Orb.
     0 | D:1      | Reached XP level 1. HP: 12/12 MP: 1/1
    61 | D:1      | Reached skill level 3 in Axes
    61 | D:1      | Reached XP level 2. HP: 13/17 MP: 2/2
   261 | D:1      | Reached skill level 1 in Armour
   663 | D:1      | Reached XP level 3. HP: 21/21 MP: 3/3
  1077 | D:2      | Found a faded altar of an unknown god.
  1210 | D:2      | Reached XP level 4. HP: 26/26 MP: 4/4
  1362 | D:2      | Noticed Robin
  1371 | D:2      | Noticed Natasha
  1376 | D:2      | Killed Robin
  1381 | D:2      | Killed Natasha
  1381 | D:2      | Reached skill level 4 in Axes
  1466 | D:2      | Slain by a gnoll

Skill      XL: |  1  2  3  4 |
---------------+-------------+-----
Axes           | 3 4 |  4.0
Armour         | 1 2 |  2.1
Dodging        | 3 |  3.0
Fighting       | |  2.1
Throwing       | |  1.7

Action                   |  1- 3 |  4- 6 || total
-------------------------+-------+-------++-------
Melee: War axe           |   139 |    29 ||   168
  Use: Scroll            |       |     3 ||     3
       Potion            |       |     1 ||     1
  Eat: Chunk             |     1 |     1 ||     2
Armor: Leather armour    |    34 |       ||    34
       Chain mail        |    58 |    35 ||    93
Dodge: Dodged            |    64 |    17 ||    81
